 Dungeon Crawl Stone Soup version 0.31-a0-145-g046c7d2549 (webtiles) character file.

Game seed: 7741502968259388573

121 mopl the Shooter (level 5, 0/33 HPs)
             Began as an Octopode Hexslinger on June 5, 2023.
             Slain by a hound (2 damage)
             ... on level 4 of the Dungeon.
             The game lasted 00:03:13 (2033 turns).

mopl the Shooter (Octopode Hexslinger)              Turns: 2033, Time: 00:03:14

Health: 0/33       AC:  1    Str:  7    XL:     5   Next: 5%
Magic:  7/7        EV: 13    Int: 15    God:
Gold:   130        SH:  0    Dex: 17    Spells: 3/7 levels left

rFire   . . .        (no weapon)
rCold   . . .        (no shield)
rNeg    . . .        (helmet restricted)
rPois   .            (no amulet)
rElec   .            (no ring)
rCorr   .            (no ring)
SInv    .            (no ring)
Will    .....        (no ring)
Stlth   +++          (no ring)
HPRegen 0.25/turn    (no ring)
MPRegen 0.10/turn    (no ring)
                     (no ring)

%: no passive effects
@: no status effects
A: almost no armour, amphibious, 8 rings, camouflage 1, gelatinous body 1,
(nimble swimmer 1), tentacles
a: no special abilities


You were on level 4 of the Dungeon.
You visited 1 branch of the dungeon, and saw 4 of its levels.

You collected 130 gold pieces.

Inventory:

Hand Weapons
 a - a +1 sling
Wands
 h - a wand of acid (4)
Scrolls
 b - a scroll of poison
 f - 2 scrolls of teleportation {unknown}
 i - 2 scrolls of identify {unknown}
 k - a scroll of magic mapping {unknown}
Potions
 c - 3 potions of ambrosia {unknown}
 d - a potion of mutation {unknown}
 e - a potion of curing {unknown}
 g - 2 potions of attraction {unknown}
 j - a potion of heal wounds {unknown}
 l - a potion of resistance {unknown}


   Skills:
 - Level 1.0 Fighting
 * Level 4.3 Ranged Weapons
 - Level 2.0 Dodging
 + Level 1.7 Spellcasting
 + Level 3.5 Hexes


You had 3 spell levels left.
You knew the following spells:

 Your Spells              Type           Power      Damage    Failure   Level
a - Slow                  Hex            44%        N/A       5%          1
h - Inner Flame           Hex/Fire       6%         N/A       32%         3

Your spell library contained the following spells:

 Spells                   Type           Power      Damage    Failure   Level
 Portal Projectile        Hex/Tloc       12%        N/A       32%         3
 Cause Fear               Hex            5%         N/A       47%         4


Dungeon Overview and Level Annotations

Branches:
Dungeon (4/15)
 Temple: D:4-7

Altars:
Elyvilon
Xom


Innate Abilities, Weirdness & Mutations

You cannot wear most types of armour.
You are amphibious.
You can wear up to eight rings at the same time.
Your skin changes colour to match your surroundings (Stealth+).
Your rubbery body absorbs attacks. (AC +1, EV +1)
((You are camouflaged when in or above water. (Stealth+)))
You have tentacles for arms and can constrict up to eight enemies at once.


Message History

The sling bullet closely misses the giant cockroach.
The hound bites you. The giant cockroach barely misses you.
The hound barely misses you.
You shoot a sling bullet.
The sling bullet hits the giant cockroach!
You kill the giant cockroach!
The hound bites you. The hound misses you.
You shoot a sling bullet.
The sling bullet barely misses the hound.
The hound completely misses you. The hound bites you.
You are too injured to fight recklessly!
You are too injured to fight recklessly!
You are now empty-tentacled.
You closely miss the hound. Your grab misses the hound. You squeeze the hound.
The hound is moderately wounded.
The hound misses you. The hound bites you.
You tentacle-slap the hound but do no damage.
You grab the hound.
The hound is moderately wounded.
You constrict the hound. The hound misses you.
You tentacle-slap the hound but do no damage.
The hound is moderately wounded.
You constrict the hound. The hound barely misses you. The hound bites you.
* * * LOW HITPOINT WARNING * * *
You tentacle-slap the hound.
You tentacle-slap the hound, but do no damage.
You squeeze the hound, but do no damage.
The hound is heavily wounded.
You constrict the hound. The hound bites you.
* * * LOW HITPOINT WARNING * * *
You tentacle-slap the hound but do no damage.
You squeeze the hound, but do no damage.
The hound is heavily wounded.
You constrict the hound. The hound barely misses you. The hound bites you.
* * * LOW HITPOINT WARNING * * *
You tentacle-slap the hound but do no damage.
Your squeeze misses the hound.
The hound is heavily wounded.
You constrict the hound. The hound bites you.
You die...

... #..#. ...
##... ....
#.... .....#...
.....#... #
#......##.#...
.#....h).......
#......@#
.......##
#..##.. . #..
... .... .....
......


You could see a hound.

Vanquished Creatures
  An orc priest (D:3)
  5 adders (D:2)
  A dart slug (D:3)
  An orc (D:4)
  2 endoplasms (D:2)
  A giant cockroach (D:4)
  5 goblins
  7 hobgoblins
  A quokka (D:1)
  4 ball pythons (D:1)
  10 bats
  A kobold (D:1)
  5 rats
44 creatures vanquished.

Notes
Turn   | Place    | Note
-------+----------+-------------------------------------------
     0 | D:1      | mopl the Octopode Hexslinger began the quest for the Orb.
     0 | D:1      | Reached XP level 1. HP: 13/13 MP: 2/2
   165 | D:1      | Reached XP level 2. HP: 18/18 MP: 3/3
   247 | D:1      | Reached skill level 3 in Ranged Weapons
   442 | D:1      | Reached XP level 3. HP: 23/23 MP: 4/4
   446 | D:1      | Learned a level 3 spell: Inner Flame
  1107 | D:2      | Identified the +0 chain mail "Ideuh" {rPois rCorr Str+3
                  | Dex+2}
  1262 | D:2      | Reached XP level 4. HP: 15/28 MP: 4/6
  1525 | D:2      | Reached skill level 4 in Ranged Weapons
  1705 | D:3      | Found a white marble altar of Elyvilon.
  1882 | D:3      | Found a shimmering altar of Xom.
  1915 | D:3      | Reached XP level 5. HP: 25/33 MP: 7/7
  2033 | D:4      | Slain by a hound

Illustrated notes

Levels and vault maps discovered:
D:1:      arrival_zaba_pyramid, layout_basic
D:2:      layout_loops_ring, minmay_tripent
D:3:      layout_rooms, mainiacjoe_overflow_concentric_impassable,
          mainiacjoe_overflow_six_doors_small, minmay_cut_off
D:4:      layout_cave_pools, grunt_temple_overflow_holy_war,
          minmay_misc_feat_chi, uniq_sigmund

Skill      XL: |  1  2  3  4 |
---------------+-------------+-----
Ranged Weapons | 3 4 |  4.3
Fighting       | |  1.0
Dodging        | |  2.0
Spellcasting   | |  1.7
Hexes          | |  3.5

Action                     |  1- 3 |  4- 6 || total
---------------------------+-------+-------++-------
  Melee: Unarmed           |    10 |     6 ||    16
         Tentacles         |     3 |     3 ||     6
         Constrict         |     1 |     1 ||     2
         Punch             |       |     1 ||     1
   Fire: Sling             |    85 |    51 ||   136
 Armour: Skin              |     6 |     1 ||     7
  Dodge: Dodged            |    40 |    24 ||    64

Table legend: (Time is in decaauts)
 A = Elapsed time spent in this place.
 B = Non-inter-level travel time spent in this place.
 C = Inter-level travel time spent in this place.
 D = Time resting spent in this place.
 E = Time spent auto-exploring this place.
 F = Levels seen in this place.
 G = Mean time per level.
                   A        B        C        D        E       F      G
               +--------+--------+--------+--------+--------+-----+--------+
         Total |   2061 |   2027 |     34 |    313 |   1397 |   4 |  515.2 |
       Dungeon |   2061 |   2027 |     34 |    313 |   1397 |   4 |  515.2 |
               +--------+--------+--------+--------+--------+-----+--------+

Top non-repeatable levels by time:
     D:2: 997 daAuts
     D:1: 708 daAuts
     D:3: 266 daAuts
     D:4: 88 daAuts
